AoeStats
← King_Rodriguez

Hideout

510071176Analyzed
1v1 RM · 2d ago on Sep 29, 2026· 61m 26s· 2 players
Game mode
Random Map
Map size
Tiny (2 player)
Population
200
Speed
Normal
Resources
Standard
Victory
Conquest
Starting age
Dark Age
Ending age
Imperial Age
RankedLock teamsTeams togetherTeam positionsShared explorationLock speedFull tech treeHidden civsTurbo modeCheats
Victory
Defeat
🇹🇷 Vietnamese · Türkiye
656
+15
🇩🇪 Britons · Germany
625
-15
King_Rodriguez
3:36 Loom
10:27 Feudal Age
10:53 Double-Bit Axe
14:07 Forging
15:14 Scale Barding Armor
19:53 Fletching
21:30 Horse Collar
21:46 Gold Mining
21:51 Stone Mining
24:21 Castle Age
25:37 Crossbowman
26:19 Bodkin Arrow
27:20 Ballistics
26:57 Murder Holes
29:59 Wheelbarrow
29:10 Town Watch
31:13 Light Cavalry
38:30 Imperial Age
37:33 Yeomen
38:45 Arbalester
41:18 Chemistry
42:07 Warwolf
41:36 Pikeman
42:17 Squires
45:51 Chain Barding Armor
46:09 Iron Casting
45:37 Padded Archer Armor
45:31 Treadmill Crane
46:46 Halberdier
56:31 Elite Skirmisher
SaitMurathan
10:02 Feudal Age
10:36 Double-Bit Axe
10:43 Horse Collar
14:03 Wheelbarrow
13:42 Gold Mining
19:07 Castle Age
18:52 Fletching
19:05 Padded Archer Armor
20:57 Bow Saw
21:31 Heavy Plow
21:38 Stone Mining
21:51 Bodkin Arrow
22:26 Leather Archer Armor
25:53 Thumb Ring
25:10 Elite Skirmisher
28:47 Town Watch
28:50 Loom
33:47 Ballistics
33:41 Chatras
36:32 Imperial Age
36:31 Bloodlines
36:36 Forging
36:32 Scale Barding Armor
36:57 Imperial Skirmisher
38:10 Paper Money
38:07 Husbandry
38:58 Hand Cart
39:30 Capped Ram
41:10 Bracer
41:41 Ring Archer Armor
42:29 Chemistry
44:51 Elite Rattan Archer
47:54 Elite Battle Elephant
Connection lost

Rejoining the realm…

Still unreachable

The connection could not be restored.

Session expired

The server has moved on; the page needs a fresh start.